 Dungeon Crawl Stone Soup version 0.29.1-15-g9cfb28693d (webtiles) character file.

Game seed: 16728389947106978082

38 Sanktem7 the Trooper (level 3, 0/34 HPs)
             Began as a Minotaur Fighter on Mar 4, 2023.
             Slain by Grinder (4 damage)
             ... on level 3 of the Dungeon.
             The game lasted 00:02:23 (1530 turns).

Sanktem7 the Trooper (Minotaur Fighter)             Turns: 1530, Time: 00:02:24

Health: 0/34       AC: 11    Str: 22    XL:     3   Next: 25%
Magic:  2/2        EV:  6    Int:  5    God:
Gold:   122        SH:  4    Dex:  9    Spells: 2/2 levels left

rFire   . . .      SeeInvis .   a - +0 war axe {axe}
rCold   . . .      Faith    .   c - +0 buckler
rNeg    . . .      Spirit   .   o - +0 plate armour
rPois   .          Reflect  .   (helmet restricted)
rElec   .          Harm     .   (no cloak)
rCorr   .          Rampage  .   (no gloves)
Will    .....                   (no boots)
Stlth   ..........              (no amulet)
HPRegen 0.11/turn               (no ring)
MPRegen 0.08/turn               (no ring)

@: no status effects
A: horns 2, retaliatory headbutt
a: no special abilities


You were on level 3 of the Dungeon.
You visited 1 branch of the dungeon, and saw 3 of its levels.

You collected 122 gold pieces.


Innate Abilities, Weirdness & Mutations

You have a pair of horns on your head.
You reflexively headbutt those who attack you in melee.


   Skills:
 * Level 4.3 Fighting
 * Level 3.4 Axes
 + Level 4.0 Armour
 - Level 3.6 Shields


You had 2 spell levels left.
You didn't know any spells.
Your spell library was empty.

Inventory:

Hand Weapons
 a - a +0 war axe (weapon) {axe}
 f - a +1 hand axe of flaming {axe}
   (You found it on level 1 of the Dungeon)
Missiles
 e - 27 stones (quivered) {throwing}
Armour
 c - a +0 buckler (worn)
 o - a +0 plate armour (worn)
   (You found it on level 2 of the Dungeon)
Scrolls
 j - a scroll of noise {unknown}
 k - a scroll of teleportation {unknown}
 l - 2 scrolls of fog
 n - a scroll of summoning {unknown}
 q - a scroll of enchant armour {unknown}
Potions
 d - 2 potions of might
 g - a potion of mutation {unknown}
 h - a potion of lignification {unknown}
 i - 2 potions of berserk rage {!q}
 p - a potion of attraction {unknown}
 r - a potion of ambrosia {unknown}

Dungeon Overview and Level Annotations

Branches:
Dungeon (3/15) Zot: 16451

Altars:
Xom

Annotations:
D:3 Grinder

### ###..
##.#####......
##..)o@<).....<
#...)5###..####
##..o## ##
##o## #.# .$.
##.. #.# #.


You could see Grinder, an orc wizard and 2 orcs.


Message History

As you open the door, it creaks loudly!
You open the door.
There is an open door here.
There is an open door here.
There is an escape hatch in the ceiling here.
You open the door.
There is an open door here.
You open the door.
There is an open door here.
Done exploring.
Done exploring.
You drop a +0 scale mail.
As you read the scroll labelled MAGAVO WOHU, it crumbles to dust.
The scroll dissolves into smoke.
It was a scroll of fog.
As you read the scroll labelled GEWAOH JEEH, it crumbles to dust.
It is a scroll of identify.
i - 2 potions of berserk rage
There is a fountain of clear blue water here.
There is a stone staircase leading down here.
You climb downwards.
Grinder shouts!
Found a war axe and a quarterstaff.
Found a stone staircase leading up.
There is a stone staircase leading up here.
Grinder is nearby!
An orc comes into view. It is wielding a +0 dagger.
The orc shouts!
An orc comes into view. It is wielding a +0 falchion.
The orc shouts!
You hear a shout!
Grinder hits you but does no damage.
The orc moves out of view.
You hit Grinder. Grinder gestures at you. Pain shoots through your body!
You are too injured to fight recklessly! 😮 HP[-9]
You take 9 damage, and now have 25/34 hp.
MASSIVE DAMAGE!! (PAUSE)
You closely miss Grinder. Your headbutt misses Grinder.
You block Grinder's attack.
You barely miss Grinder. You barely miss the orc. You block Grinder's attack.
The orc hits you with a +0 dagger. 😮 HP[-2]
You take 2 damage, and now have 23/34 hp.
You barely miss Grinder. You closely miss the orc.
Grinder hits you but does no damage. You block the orc's attack.
Grinder hits you but does no damage.
You slash Grinder! Your headbutt misses Grinder. You hit the orc.
Grinder hits you but does no damage.
You slash Grinder! You headbutt Grinder. You barely miss the orc. x2
Grinder barely misses you. The orc hits you with a +0 dagger.
The orc barely misses you.
Grinder blinks!
You block the orc's attack. The orc closely misses you. 😮 HP[-1]
You take 1 damage, and now have 22/34 hp.
The orc attacks as you move away! You block the orc's attack.
An orc wizard comes into view. It is wielding a +0 dagger.
The orc hits you with a +0 falchion. 😮 HP[-4]
You take 4 damage, and now have 18/34 hp.
The orc wizard shouts!
You slash the orc!
You kill the orc!
You hit the orc but do no damage.
Grinder says, "DUCK!"
Grinder gestures at you.
You suddenly lose the ability to move!
The orc hits you but does no damage. Grinder gestures at you.
Pain shoots through your body!
* * * LOW HITPOINT WARNING * * *
An orc comes into view. It is wielding a +0 trident.
The orc hits you with a +0 falchion.
* * * LOW HITPOINT WARNING * * *
The orc wizard casts a spell at you. You resist with significant effort.
The orc shouts!
The orc hits you but does no damage.
An orc comes into view. It is wielding a +0 flail.
The orc hits you but does no damage.
You can move again. 😨 HP[-7]
You take 7 damage, and now have 11/34 hp.
MASSIVE DAMAGE!! (PAUSE)
You slash the orc!
You kill the orc!
You block the orc wizard's attack. Grinder hits you.
* * * LOW HITPOINT WARNING * * *
The orc closely misses you.
Things that are here:
a +0 falchion {long}; a +0 ring mail; an orc corpse 😱 HP[-4]
You take 4 damage, and now have 7/34 hp.
Grinder hits you but does no damage. 😱 HP[+1]
The orc hits you from afar with a +0 trident.
* * * LOW HITPOINT WARNING * * *
😱 HP[-3]
You take 3 damage, and now have 5/34 hp.
Grinder attacks as you move away! Grinder hits you.
* * * LOW HITPOINT WARNING * * *
You writhe in agony.
You die...

Skill      XL: |  1  2 |
---------------+-------+-----
Fighting       | 4 |  4.3
Axes           | 3 |  3.4
Armour         | 4 |  4.0
Shields        | |  3.6

Action                   || total
-------------------------++-------
Melee: War axe           ||    45
       Headbutt          ||     4
  Use: Scroll            ||     2
Armor: Scale mail        ||    20
       Plate armour      ||    26
Dodge: Dodged            ||    19
Block: Buckler           ||    12

Levels and vault maps discovered:
D:1:      sevenhm_arrival_forest_fort_small_5, layout_basic,
          dilly_ecumenical_altar_fadedgnrine, minmay_split_cup_large
D:2:      cheibrodos_helix_gallery, layout_basic, basic_altar,
          nicolae_kite_square_tiling_tiny
D:3:      layout_loops_cross, nicolae_overflow_hidden_temple, serial_shops,
          nicolae_shop_overgrown_old_shop, minmay_door_square, uniq_grinder

Notes
Turn   | Place    | Note
-------+----------+-------------------------------------------
     0 | D:1      | Sanktem7 the Minotaur Fighter began the quest for the Orb.
     0 | D:1      | Reached XP level 1. HP: 19/19 MP: 0/0
     0 | D:1      | magus.rc [v1.9.6]
   353 | D:1      | Reached XP level 2. HP: 24/27 MP: 1/1
   357 | D:1      | Reached skill level 4 in Fighting
   575 | D:1      | Reached skill level 3 in Axes
   753 | D:1      | Found a faded altar of an unknown god.
   976 | D:2      | Found a shimmering altar of Xom.
  1239 | D:2      | Reached skill level 4 in Armour
  1239 | D:2      | Reached XP level 3. HP: 29/34 MP: 2/2
  1511 | D:3      | Noticed Grinder
  1522 | D:3      | Paralysed by Grinder for 4 turns
  1527 | D:3      | HP: 7/34 [Grinder (4)]
  1530 | D:3      | Slain by Grinder

Vanquished Creatures
  An adder (D:2)
  A dart slug (D:1)
  2 orcs (D:3)
  2 ball pythons (D:1)
  4 endoplasms (D:1)
  2 giant cockroaches (D:2)
  2 goblins (D:2)
  A hobgoblin (D:2)
  2 quokkas
  3 bats (D:1)
  A frilled lizard (D:1)
  2 rats
23 creatures vanquished.

Table legend:
 A = Non-vault XP
 B = Vault XP
 C = Vault XP percentage of total XP
 D = Non-vault monster count
 E = Vault monster count
 F = Vault count percentage of total count
                 A         B        C        D         E       F
            +---------+---------+-------+---------+---------+-------
      Total |      42 |      13 |  23.6 |      17 |       6 |  26.1
            +---------+---------+-------+---------+---------+-------
        D:1 |      14 |       9 |  39.1 |       9 |       4 |  30.8
        D:2 |      22 |       4 |  15.4 |       6 |       2 |  25.0
        D:3 |       6 |       0 |   0.0 |       2 |       0 |   0.0
            +---------+---------+-------+---------+---------+-------

Illustrated notes

Table legend:
 A = Kills in this place as a percentage of kills in entire the game.
 B = Kills by you in this place as a percentage of kills by you in the entire game.
 C = Kills by friends in this place as a percentage of kills by friends in the entire game.
 D = Other kills in this place as a percentage of other kills in the entire game.
 E = Experience gained in this place as a percentage of experience gained in the entire game.
 F = Experience gained in this place divided by the number of levels of this place that you have seen.
                   A       B       C       D       E      F
               +-------+-------+-------+-------+-------+----------------------
         Total | 100.0 | 100.0 |   N/A |   N/A | 100.0 |  18.3
       Dungeon | 100.0 | 100.0 |   N/A |   N/A | 100.0 |  18.3
               +-------+-------+-------+-------+-------+----------------------

Table legend: (Time is in decaauts)
 A = Elapsed time spent in this place.
 B = Non-inter-level travel time spent in this place.
 C = Inter-level travel time spent in this place.
 D = Time resting spent in this place.
 E = Time spent auto-exploring this place.
 F = Levels seen in this place.
 G = Mean time per level.
                   A        B        C        D        E       F      G
               +--------+--------+--------+--------+--------+-----+--------+
         Total |   1548 |   1482 |     66 |      0 |   1314 |   3 |  516.0 |
       Dungeon |   1548 |   1482 |     66 |      0 |   1314 |   3 |  516.0 |
               +--------+--------+--------+--------+--------+-----+--------+

Top non-repeatable levels by time:
     D:1: 833 daAuts
     D:2: 693 daAuts
     D:3: 21 daAuts
